 Dungeon Crawl Stone Soup version 0.31-a0-344-gd109795599 (webtiles) character file.

Game seed: 9683445393829691601

872 BillyBaka the Sneak (level 8, -7/42 HPs)
             Began as a Vine Stalker Monk on July 22, 2023.
             Was a Believer of Uskayaw.
             Mangled by an ice beast (13 damage)
             ... on level 6 of the Dungeon.
             The game lasted 00:17:17 (3859 turns).

BillyBaka the Sneak (Vine Stalker Monk)             Turns: 3859, Time: 00:17:18

Health: -7/42      AC:  3    Str: 13    XL:     8   Next: 4%
Magic:  0/9        EV: 14    Int: 10    God:    Uskayaw [**....]
Gold:   135        SH:  0    Dex: 20    Spells: 7/7 levels left

rFire   . . .        a - +1 dagger (vamp)
rCold   . . .        d - orb {light}
rNeg    . . .        h - +0 robe
rPois   .            r - +0 helmet
rElec   .            (no cloak)
rCorr   .            (no gloves)
SInv    .            (no boots)
Will    +....        (no amulet)
Stlth   ++           (no ring)
HPRegen 1.07/turn    (no ring)
MPRegen 0.11/turn

%: guardian spirit
@: glowing
A: fangs 3, regeneration 1, magic shield, antimagic bite, no potion heal 2
a: Renounce Religion, Stomp, Line Pass


You were on level 6 of the Dungeon.
You worshipped Uskayaw.
Uskayaw was noncommittal.
You visited 2 branches of the dungeon, and saw 7 of its levels.

You collected 271 gold pieces.
You spent 136 gold pieces at shops.

Inventory:

Hand Weapons
 a - a +1 vampiric dagger (weapon)
 b - the +6 sling of Exhibitionism {drain, Int+2}
   (You bought it in a shop on level 2 of the Dungeon)

   Int:       It affects your intelligence (+2).
 u - a +1 dagger of draining
Missiles
 s - 3 boomerangs of dispersal (quivered)
Armour
 d - an orb of light (worn)
 h - a +0 robe (worn)
 r - a +0 helmet (worn)
Wands
 o - a wand of flame (3)
Scrolls
 f - a scroll of silence
 i - 3 scrolls of teleportation
 k - a scroll of enchant weapon {unknown}
 l - 2 scrolls of fog
 p - a scroll of poison {unknown}
 q - 4 scrolls of blinking
 t - a scroll of revelation {unknown}
 y - a scroll of identify
 z - a scroll of butterflies {unknown}
 A - a scroll of noise {unknown}
Potions
 c - a potion of ambrosia
 e - 5 potions of curing
 g - a potion of heal wounds {unknown}
 j - 2 potions of brilliance
 m - a potion of enlightenment {unknown}
 n - 2 potions of lignification
 v - a potion of mutation {unknown}
 w - a potion of might {unknown}
 x - a potion of resistance {unknown}
 B - a potion of degeneration {unknown}


   Skills:
 + Level 4.5 Fighting
 + Level 4.6 Short Blades
 + Level 1.6 Ranged Weapons
 + Level 4.1 Dodging
 + Level 5.1 Stealth
 - Level 1.7 Evocations


You had 7 spell levels left.
You didn't know any spells.
Your spell library contained the following spells:

 Spells                   Type           Power      Damage    Failure   Level
 Apportation              Tloc           0%         N/A       36%         1
 Gell's Gravitas          Tloc           0%         N/A       75%         3
 Teleport Other           Tloc           0%         N/A       75%         3
 Alistair's Intoxication  Tmut/Pois      0%         N/A       100%        5
 Summon Forest            Summ/Tloc      0%         N/A       100%        5
 Dispersal                Tloc           0%         N/A       100%        6
 Eringya's Noxious Bog    Tmut/Pois      0%         4d6       100%        6
 Summon Hydra             Summ           0%         N/A       100%        7


Dungeon Overview and Level Annotations

Branches:
Dungeon (6/15)             Temple (1/1) D:5

Altars:
Ashenzari
Cheibriados
Elyvilon
Gozag
Kikubaaqudgha
Makhleb
Nemelex Xobeh
Okawaru
Qazlal
Ru
Sif Muna
Trog
Uskayaw
Vehumet
Wu Jian
Yredelemnul
Zin

Shops:
D:2 (

Annotations:
D:4 3 runed translucent doors, LobsterGuardian's ghost, novice DENe; Pokonic1's ghost, amateur DsMo; lunkers's ghost, novice MeSh


Innate Abilities, Weirdness & Mutations

You have razor-sharp teeth.
Your natural rate of healing is unusually fast.
When hurt, damage is shared between your health and your magic reserves.
Your bite disrupts and absorbs the magic of your enemies.
Potions cannot restore your health.


Message History

The ice beast hits you. The ice beast freezes you!
You hit the ice beast but do no damage. You hit the ice beast.
You bite the ice beast, but do no damage.
The ice beast is lightly wounded.
The ice beast misses you.
You hit the ice beast but do no damage.
The ice beast is lightly wounded.
The ice beast hits you but does no damage.
You barely miss the ice beast.
The ice beast is lightly wounded.
The ice beast hits you. The ice beast freezes you!
You are too injured to fight recklessly!
You are too injured to fight recklessly!
You hit the ice beast.
The ice beast is lightly wounded.
The ice beast hits you. The ice beast freezes you!
* * * LOW HITPOINT WARNING * * *
You hit the ice beast but do no damage. Your bite misses the ice beast.
The ice beast is lightly wounded.
You barely miss the ice beast.
You bite the ice beast, but do no damage.
The ice beast is lightly wounded.
The ice beast misses you.
You hit the ice beast. You bite the ice beast! You drain its power.
You feel invigorated.
The ice beast is heavily wounded.
The ice beast completely misses you.
You hit the ice beast but do no damage.
The ice beast is heavily wounded.
The ice beast hits you. The ice beast freezes you!
* * * LOW HITPOINT WARNING * * *
You hit the ice beast.
You feel better.
The ice beast is heavily wounded.
The ice beast barely misses you.
You can now pass through a line of other dancers.
The ice beast attacks as you move away! The ice beast hits you.
* * * LOW HITPOINT WARNING * * *
The ice beast freezes you!
You die...

#........ #
#........ .#
#........ #.#
#........ ###..#
###..>..... #....#
#..........
#$######.######...
#Y#.....[.....####
#@#.####.####.#
#.#.#.......#
#.#.#.##.##.#
#.#.#.#...#.#
#......._....
###.#.#...#.#
#.#.##.##.#
#.#...... #
#.####.###


You could see an ice beast.

Vanquished Creatures
  A black bear (D:5)
  An ice beast (D:6)
  Blork the orc (D:4)
  A bullfrog (D:4)
  A scorpion (D:4)
  A hound (D:5)
  4 orc priests
  A jelly (D:5)
  2 orc wizards
  3 iguanas
  4 adders
  A shadow imp (D:5)
  A white imp (D:5)
  2 worms
  3 dart slugs
  27 orcs
  8 endoplasms
  7 giant cockroaches
  8 goblins
  7 hobgoblins
  4 jackals (D:1)
  9 kobolds
  4 quokkas
  11 ball pythons
  4 bats
  8 frilled lizards
  7 rats
131 creatures vanquished.

Notes
Turn   | Place    | Note
-------+----------+-------------------------------------------
     0 | D:1      | BillyBaka the Vine Stalker Monk began the quest for the
                  | Orb.
     0 | D:1      | Reached XP level 1. HP: 11/11 MP: 2/2
   182 | D:1      | Reached XP level 2. HP: 14/16 MP: 3/3
   194 | D:1      | Reached skill level 1 in Stealth
   440 | D:1      | Reached XP level 3. HP: 18/19 MP: 4/4
   951 | D:2      | Found a shimmering blue altar of Sif Muna.
  1036 | D:2      | Reached skill level 2 in Stealth
  1129 | D:2      | Gained mutation: Your natural rate of healing is unusually
                  | fast. [Vine Stalker growth]
  1129 | D:2      | Reached XP level 4. HP: 16/24 MP: 5/5
  1191 | D:2      | Found Pilag's Antique Weapon Shoppe.
  1432 | D:3      | Reached XP level 5. HP: 23/28 MP: 6/6
  1588 | D:3      | Reached skill level 3 in Stealth
  1959 | D:4      | Noticed Blork the orc
  1960 | D:4      | Killed Blork the orc
  1961 | D:4      | Reached skill level 1 in Evocations
  1961 | D:4      | Reached XP level 6. HP: 33/33 MP: 7/7
  2274 | D:4      | Reached skill level 4 in Stealth
  2448 | D:4      | Found a runed translucent gate.
  2448 | D:4      | Found a runed translucent gate.
  2448 | D:4      | Found a runed translucent gate.
  2449 | D:4      | Noticed Pokonic1's ghost (amateur DsMo)
  2449 | D:4      | Noticed LobsterGuardian's ghost (novice DENe)
  2450 | D:4      | Noticed lunkers's ghost (novice MeSh)
  2518 | D:4      | Reached XP level 7. HP: 37/37 MP: 8/8
  2917 | D:2      | Bought a crude sling for 136 gold pieces
  2917 | D:2      | Identified the +6 sling of Exhibitionism {drain, Int+2}
                  | (You bought it in a shop on level 2 of the Dungeon)
  2978 | D:5      | Entered Level 5 of the Dungeon
  3146 | D:5      | Found a radiant altar of Vehumet.
  3245 | D:5      | Reached skill level 1 in Ranged Weapons
  3323 | D:5      | Found a staircase to the Ecumenical Temple.
  3479 | Temple   | Entered the Ecumenical Temple
  3502 | Temple   | Became a worshipper of Uskayaw the Reveller
  3502 | Temple   | Reached * piety under Uskayaw
  3820 | D:6      | Found a sacrificial altar of Ru.
  3830 | D:6      | Reached ** piety under Uskayaw
  3831 | D:6      | Reached skill level 5 in Stealth
  3831 | D:6      | Gained mutation: You have razor-sharp teeth. [Vine Stalker
                  | growth]
  3831 | D:6      | Reached XP level 8. HP: 42/42 MP: 9/9
  3859 | D:6      | Mangled by an ice beast

Illustrated notes

Levels and vault maps discovered:
D:1:      onia_arrival_mini_maze, layout_basic
D:2:      minmay_general_purpose_star, layout_rooms, serial_shops, shop,
          basic_altar, nicolae_the_louvre
D:3:      layout_loops_cross, st_stairs_1
D:4:      layout_loops_ring, gammafunk_ghost_cemetery, minmay_tree_intersection,
          uniq_blork_the_orc
D:5:      layout_basic, amcnicky_altar_gilded, minmay_temple_entry_junction
D:6:      layout_rooms, nicolae_dithmenos_shadow_blocks,
          nicolae_ru_sacrificial_ziggurat, xom_teletrap_fun
Temple:   eino_wide_crystal_templ

Skill      XL: |  1  2  3  4  5  6  7 |
---------------+----------------------+-----
Stealth        | 1 2 3 4 5 |  5.1
Short Blades   | 3 4 |  4.6
Fighting       | 3 4 |  4.5
Dodging        | 3 4 |  4.1
Evocations     | 1 |  1.7
Ranged Weapons | 1 |  1.6

Action                     |  1- 3 |  4- 6 |  7- 9 || total
---------------------------+-------+-------+-------++-------
  Melee: Short sword       |    17 |       |       ||    17
         Bite              |    20 |    45 |    12 ||    77
         Dagger            |    77 |   139 |    27 ||   243
   Fire: Sling             |       |       |    48 ||    48
    Use: Scroll            |       |       |     7 ||     7
   Stab: Sleeping          |     1 |     2 |       ||     3
 Armour: Robe              |     9 |     8 |     5 ||    22
  Dodge: Dodged            |    45 |    55 |    41 ||   141

Table legend: (Time is in decaauts)
 A = Elapsed time spent in this place.
 B = Non-inter-level travel time spent in this place.
 C = Inter-level travel time spent in this place.
 D = Time resting spent in this place.
 E = Time spent auto-exploring this place.
 F = Levels seen in this place.
 G = Mean time per level.
                   A        B        C        D        E       F      G
               +--------+--------+--------+--------+--------+-----+--------+
         Total |   3830 |   3576 |    254 |     23 |   2781 |   7 |  547.1 |
       Dungeon |   3784 |   3551 |    233 |     23 |   2781 |   6 |  630.7 |
        Temple |     45 |     24 |     21 |      0 |      0 |   1 |   45.0 |
               +--------+--------+--------+--------+--------+-----+--------+

Top non-repeatable levels by time:
     D:4: 1027 daAuts
     D:1: 804 daAuts
     D:5: 686 daAuts
     D:3: 647 daAuts
     D:2: 556 daAuts
     D:6: 62 daAuts
  Temple: 45 daAuts
